 Dungeon Crawl Stone Soup version 0.25-a0-603-g0321be95db (webtiles) character file.

Game seed: 4015855660792426862, levelgen mode: deterministic

217 RedPan the Fighter (level 5, 0/54 HPs)
             Began as a Gnoll Wanderer on Mar 16, 2020.
             Slain by an orc wizard
             ... wielding a +1 dagger of electrocution
              (16 damage)
             ... on level 3 of the Dungeon.
             The game lasted 00:05:33 (2473 turns).

RedPan the Fighter (Gnoll Wanderer)                 Turns: 2473, Time: 00:05:33

Health: 0/54       AC: 11    Str: 13    XL:     5   Next: 94%
Magic:  7/7        EV:  4    Int: 15    God:
Gold:   202        SH:  0    Dex: 16    Spells: 7/7 levels left

rFire    . . .     SeeInvis .   a - +2 mace
rCold    . . .     Gourm    .   (no shield)
rNeg     . . .     Faith    .   m - +0 plate armour
rPois    +         Spirit   .   (no helmet)
rElec    .         Reflect  .   (no cloak)
rCorr    .         Harm     .   (no gloves)
MR       .....                  (no boots)
Stlth    ..........             (no amulet)
HPRegen  0.18/turn              h - ring of poison resistance
MPRegen  0.10/turn              (no ring)

@: no status effects
A: distributed training, fangs 1, strong nose
a: no special abilities


You were on level 3 of the Dungeon.
You were not hungry.

You visited 1 branch of the dungeon, and saw 3 of its levels.

You collected 202 gold pieces.

Inventory:

Hand Weapons
 a - a +2 mace (weapon)
Armour
 m - a +0 plate armour (worn)
Jewellery
 h - a ring of poison resistance (left hand)
Scrolls
 j - a scroll of remove curse
Potions
 b - 4 potions of curing
 e - 2 potions of resistance
 f - 2 potions of stabbing
 g - a potion of ambrosia {unknown}
 i - 2 potions of might
 k - 2 potions of invisibility {unknown}
Comestibles
 c - 4 chunks of flesh
 d - 8 rations


   Skills:
 + Level 10.4 Fighting
 + Level 1.6 Short Blades
 + Level 1.6 Long Blades
 + Level 1.6 Axes
 + Level 3.1 Maces & Flails
 + Level 1.6 Polearms
 + Level 1.6 Staves
 + Level 1.6 Slings
 + Level 1.6 Bows
 + Level 1.6 Crossbows
 + Level 3.1 Throwing
 + Level 3.1 Armour
 + Level 3.1 Dodging
 + Level 1.6 Stealth
 + Level 1.6 Shields
 + Level 1.6 Unarmed Combat
 + Level 1.6 Spellcasting
 + Level 1.3 Conjurations
 + Level 1.3 Hexes
 + Level 1.3 Charms
 + Level 1.3 Summonings
 + Level 1.3 Necromancy
 + Level 1.3 Translocations
 + Level 1.3 Transmutations
 + Level 1.3 Fire Magic
 + Level 1.3 Ice Magic
 + Level 1.3 Air Magic
 + Level 1.3 Earth Magic
 + Level 1.3 Poison Magic
 + Level 1.9 Invocations
 + Level 3.1 Evocations


You had 7 spell levels left.
You didn't know any spells.
Your spell library was empty.

Dungeon Overview and Level Annotations

Branches:
Dungeon (3/15)

Altars:
Xom


Innate Abilities, Weirdness & Mutations

Your experience applies equally to all skills.
You have very sharp teeth.
Your uncanny sense of smell can sniff out nearby items.


Message History

The orc wizard casts a spell.
The orc wizard blinks!
The orc hits you but does no damage.
You sock the orc!
You kill the orc!
The orc wizard hits you but does no damage.
You are electrocuted!
The orc wizard casts a spell at you.
The magic dart hits you but does no damage.
The orc hits you.
You are too injured to fight recklessly!
The orc wizard hits you with a +1 dagger of electrocution.
You are electrocuted!
You hit the orc wizard.
The orc wizard is moderately wounded.
The orc wizard hits you but does no damage.
You are electrocuted!
* * * LOW HITPOINT WARNING * * *
The orc wizard hits you but does no damage.
You are electrocuted!
You die...

# # # #... #
#.#.######
###########.#.....##
#..o).........###.##
#o# #.......... #@#
#.......... #)#
#.......... #.#
##......... #.#
#.#.###.## #.#
#......... #.#
##......... #.#
#..>....... #.#
#.#........ #.#
#.#.......[


You could see an orc wizard and an orc.

Vanquished Creatures
  A howler monkey (D:2)
  An orc wizard (D:3)
  A worker ant (D:3)
  4 adders
  An ooze (D:2)
  A worm (D:2)
  2 dart slugs
  5 leopard geckos
  5 orcs (D:3)
  A ball python (D:2)
  11 bats
  2 giant cockroaches
  6 goblins
  4 hobgoblins
  6 jackals
  A quokka (D:3)
  2 frilled lizards (D:3)
  12 kobolds
  11 rats
77 creatures vanquished.

Notes
Turn   | Place    | Note
-------+----------+-------------------------------------------
     0 | D:1      | Reached skill level 10 in Fighting
     0 | D:1      | RedPan the Gnoll Wanderer began the quest for the Orb.
     0 | D:1      | RedPan set off with the following items: a +2 mace, 2
                  | potions of curing, a +0 robe, a ration
     0 | D:1      | Reached XP level 1. HP: 28/28 MP: 2/2
   110 | D:1      | Reached XP level 2. HP: 33/36 MP: 3/3
   669 | D:1      | Reached XP level 3. HP: 42/42 MP: 4/4
   923 | D:2      | Reached skill level 1 in Invocations
  1189 | D:2      | Reached skill level 1 in Short Blades
  1189 | D:2      | Reached skill level 1 in Long Blades
  1189 | D:2      | Reached skill level 1 in Axes
  1189 | D:2      | Reached skill level 1 in Polearms
  1189 | D:2      | Reached skill level 1 in Staves
  1189 | D:2      | Reached skill level 1 in Slings
  1189 | D:2      | Reached skill level 1 in Bows
  1189 | D:2      | Reached skill level 1 in Crossbows
  1189 | D:2      | Reached skill level 1 in Stealth
  1189 | D:2      | Reached skill level 1 in Shields
  1189 | D:2      | Reached skill level 1 in Unarmed Combat
  1189 | D:2      | Reached skill level 1 in Spellcasting
  1189 | D:2      | Reached XP level 4. HP: 44/48 MP: 4/6
  1250 | D:2      | Reached skill level 1 in Conjurations
  1250 | D:2      | Reached skill level 1 in Hexes
  1250 | D:2      | Reached skill level 1 in Charms
  1250 | D:2      | Reached skill level 1 in Summonings
  1250 | D:2      | Reached skill level 1 in Necromancy
  1250 | D:2      | Reached skill level 1 in Translocations
  1250 | D:2      | Reached skill level 1 in Transmutations
  1250 | D:2      | Reached skill level 1 in Fire Magic
  1250 | D:2      | Reached skill level 1 in Ice Magic
  1250 | D:2      | Reached skill level 1 in Air Magic
  1250 | D:2      | Reached skill level 1 in Earth Magic
  1250 | D:2      | Reached skill level 1 in Poison Magic
  1505 | D:3      | Reached XP level 5. HP: 44/54 MP: 7/7
  1960 | D:3      | Found a shimmering altar of Xom.
  2473 | D:3      | Slain by an orc wizard

Levels and vault maps discovered:
D:1:      dpeg_arrival_solitude, layout_loops_ring
D:2:      layout_basic, minmay_statues_item, kennysheep_doodads,
          kennysheep_minor_cross
D:3:      minmay_skewed_foursquare, layout_basic, tgw_xom

Skill      XL: |  1  2  3  4  5 |
---------------+----------------+-----
Fighting       | | 10.4
Invocations    | 1 |  1.9
Short Blades   | 1 |  1.6
Long Blades    | 1 |  1.6
Axes           | 1 |  1.6
Polearms       | 1 |  1.6
Staves         | 1 |  1.6
Slings         | 1 |  1.6
Bows           | 1 |  1.6
Crossbows      | 1 |  1.6
Stealth        | 1 |  1.6
Shields        | 1 |  1.6
Unarmed Combat | 1 |  1.6
Spellcasting   | 1 |  1.6
Conjurations   | 1 |  1.3
Hexes          | 1 |  1.3
Charms         | 1 |  1.3
Summonings     | 1 |  1.3
Necromancy     | 1 |  1.3
Translocations | 1 |  1.3
Transmutations | 1 |  1.3
Fire Magic     | 1 |  1.3
Ice Magic      | 1 |  1.3
Air Magic      | 1 |  1.3
Earth Magic    | 1 |  1.3
Poison Magic   | 1 |  1.3
Maces & Flails | 3 |  3.1
Throwing       | 3 |  3.1
Armour         | 3 |  3.1
Dodging        | 3 |  3.1
Evocations     | 3 |  3.1

Action                   |  1- 3 |  4- 6 || total
-------------------------+-------+-------++-------
Melee: Mace              |    99 |   135 ||   234
       Bite              |     7 |    12 ||    19
       Punch             |     1 |       ||     1
  Use: Scroll            |     5 |     1 ||     6
  Eat: Chunk             |     1 |     4 ||     5
Armor: Robe              |    14 |       ||    14
       Ring mail         |    14 |       ||    14
       Chain mail        |     3 |    18 ||    21
       Plate armour      |       |   111 ||   111
Dodge: Dodged            |    69 |    33 ||   102

Table legend:
 A = Non-vault XP
 B = Vault XP
 C = Vault XP percentage of total XP
 D = Non-vault monster count
 E = Vault monster count
 F = Vault count percentage of total count
                 A         B        C        D         E       F
            +---------+---------+-------+---------+---------+-------
      Total |     253 |      58 |  18.6 |      62 |      15 |  19.5
            +---------+---------+-------+---------+---------+-------
        D:1 |      38 |       0 |   0.0 |      22 |       0 |   0.0
        D:2 |     102 |       0 |   0.0 |      17 |       0 |   0.0
        D:3 |     113 |      58 |  33.9 |      23 |      15 |  39.5
            +---------+---------+-------+---------+---------+-------
